 Dungeon Crawl Stone Soup version 0.27.0-1-g7a089689b8 (webtiles) character file.

Game seed: 9115633090245144871

46900 ZombieSheep the Fighter (level 14, -14/129 HPs)
             Began as a Hill Orc Fighter on Aug 1, 2021.
             Was an Elder of the Shining One.
             Demolished by a boulder beetle (26 damage)
             ... on level 11 of the Dungeon.
             The game lasted 00:51:08 (29064 turns).

ZombieSheep the Fighter (Hill Orc Fighter)         Turns: 29064, Time: 00:51:09

Health: -14/129    AC: 23    Str: 20    XL:     14   Next: 39%
Magic:  23/23      EV: 10    Int:  8    God:    the Shining One [****..]
Gold:   783        SH:  5    Dex: 14    Spells: 13/13 levels left

rFire    . . .     SeeInvis .   a - +3 trident (freeze)
rCold    . . .     Faith    .   (no shield)
rNeg     + + +     Spirit   .   R - +0 plate armour
rPois    .         Reflect  +   n - +1 helmet
rElec    .         Harm     .   z - +0 cloak
rCorr    .         Rampage  .   h - +0 pair of gloves
Will     ++...                  w - +0 pair of boots
Stlth    ..........             D - amulet of reflection
HPRegen  0.31/turn              e - ring of positive energy
MPRegen  0.18/turn              q - ring of willpower

@: glowing
A: no striking features
a: Renounce Religion, Divine Shield, Cleansing Flame


You were on level 11 of the Dungeon.
You worshipped the Shining One.
The Shining One was greatly pleased with you.
You visited 6 branches of the dungeon, and saw 22 of its levels.

You collected 783 gold pieces.

Inventory:

Hand Weapons
 a - a +3 trident of freezing (weapon)
 b - a +2 vorpal spear
 o - a +1 vorpal war axe
 E - a +0 glaive
Armour
 c - a +0 kite shield
 h - a +0 pair of gloves (worn)
 n - a +1 helmet (worn)
 w - a +0 pair of boots (worn)
 z - a +0 cloak (worn)
 R - a +0 plate armour (worn)
Jewellery
 e - a ring of positive energy (left hand)
 q - a ring of willpower (right hand)
 u - a ring of fire
 A - a ring of ice
 D - an amulet of reflection (around neck)
 N - a ring of fire
 Q - a ring of flight
 T - a ring of magical power
Wands
 d - a wand of paralysis (11)
 r - a wand of acid (12)
 t - a wand of digging (8)
 v - a wand of flame (54)
 H - a wand of charming (12)
 S - a wand of polymorph (8)
Scrolls
 f - 4 scrolls of amnesia
 j - 5 scrolls of magic mapping
 k - 2 scrolls of teleportation
 l - a scroll of acquirement
 m - 4 scrolls of enchant armour
 B - a scroll of holy word
 G - 2 scrolls of brand weapon
 J - a scroll of fog
 K - 7 scrolls of identify
 O - 2 scrolls of blinking
 P - a scroll of vulnerability
Potions
 g - a potion of cancellation
 i - 3 potions of attraction
 p - 7 potions of curing
 s - 3 potions of lignification
 x - a potion of mutation
 C - 6 potions of flight
 F - a potion of haste
 I - a potion of resistance


   Skills:
 + Level 13.6 Fighting
 + Level 12.4 Polearms
 + Level 12.6 Armour
 + Level 9.6 Dodging
 - Level 3.2 Shields
 + Level 12.9 Invocations


You had 13 spell levels left.
You didn't know any spells.
Your spell library contained the following spells:

 Spells                   Type           Power      Damage    Failure   Level
 Magic Dart               Conj           0%         1d3       99%         1
 Summon Small Mammal      Summ           0%         N/A       99%         1
 Call Imp                 Summ           0%         N/A       100%        2
 Sublimation of Blood     Necr           0%         N/A       100%        2
 Wereblood                Tmut           0%         N/A       100%        2
 Call Canine Familiar     Summ           0%         N/A       100%        3
 Inner Flame              Hex/Fire       0%         N/A       100%        3
 Mephitic Cloud           Conj/Pois/Air  0%         N/A       100%        3
 Summon Guardian Golem    Hex/Summ       0%         N/A       100%        3
 Cause Fear               Hex            0%         N/A       100%        4
 Summon Hydra             Summ           0%         N/A       100%        7
 Discord                  Hex            0%         N/A       100%        8


Dungeon Overview and Level Annotations

Branches:
Dungeon (12/15)            Temple (1/1) D:6            Lair (6/6) D:8
 Shoals (1/4) Lair:2       Spider (1/4) Lair:3        Slime (1/5) Lair:5
    Orc: D:9-12

Altars:
Ashenzari
Cheibriados
Dithmenos
Elyvilon
Fedhas
Gozag
Hepliaklqana
Kikubaaqudgha
Makhleb
Nemelex Xobeh
Okawaru
Qazlal
Ru
Sif Muna
Trog
Uskayaw
Vehumet
Wu Jian
Xom
Yredelemnul
Zin
The Shining One
Jiyva
Lugonu

Shops:
D:5 !

Portals:
Abyss: D:5

Annotations:
D:5 2 runed translucent doors
D:6 2 transporters, DocClef's ghost, weakling GnDe
D:12 Jorgrun
Lair:5 3 runed translucent doors, Cogue's ghost, journeyman VSWz; Qoypruj's ghost, journeyman MiGl; sasquatch's ghost, journeyman DsBe; tizzy's ghost, journeyman DsGl


Message History

Aiming: Polymorph
Press: ? - help, Shift-Dir - straight line, f/p - boulder beetle
Aim: a boulder beetle (moderately wounded, haloed, will become a satyr, a faun, or a spark wasp, chance to affect: 28%)
The boulder beetle easily resists.
The boulder beetle curls into a ball and begins rolling!
Aiming: Polymorph
Press: ? - help, Shift-Dir - straight line, f/p - boulder beetle
Aim: a boulder beetle (moderately wounded, rolling, haloed, will become a satyr, a faun, or a spark wasp, chance to affect: 28%)
The boulder beetle easily resists.
Aiming: Polymorph
Press: ? - help, Shift-Dir - straight line, f/p - boulder beetle
Aim: a boulder beetle (moderately wounded, rolling, haloed, will become a satyr, a faun, or a spark wasp, chance to affect: 28%)
The boulder beetle easily resists.
The boulder beetle hits you.
* * * LOW HITPOINT WARNING * * *
The boulder beetle stops rolling and uncurls.
You hit the boulder beetle. You freeze the boulder beetle.
The boulder beetle is moderately wounded.
You hit the boulder beetle but do no damage.
The boulder beetle is moderately wounded.
The boulder beetle completely misses you.
You hit the boulder beetle. You freeze the boulder beetle.
The boulder beetle is moderately wounded.
The boulder beetle bites you!
* * * LOW HITPOINT WARNING * * *
You hit the boulder beetle but do no damage.
The boulder beetle is moderately wounded.
You hit the boulder beetle but do no damage.
The boulder beetle is moderately wounded.
The boulder beetle bites you!
* * * LOW HITPOINT WARNING * * *
You hit the boulder beetle but do no damage.
The boulder beetle is moderately wounded.
The boulder beetle bites you but does no damage.
You hit the boulder beetle but do no damage.
The boulder beetle is moderately wounded.
The boulder beetle leaps!
The boulder beetle curls into a ball and begins rolling!
There is a stone staircase leading down, spattered with blood here.
The boulder beetle hits you!!
You die...

#.(........[........# ##..
###....#..........)÷.######.
#."..####.......#.#........#
##....##........####........
##..####......## #####....
#### ####...#### #....
##.......# ##.#. #........#
###. ##@...#..# ##
#.B...#### #.>○...##
#...°...# ##.#...## #######


You could see a boulder beetle (rolling).

Vanquished Creatures
  Fannar (Lair:3)
  5 hydras
  A catoblepas (Lair:6)
  4 two-headed ogres
  10 death yaks
  A deep troll shaman (Lair:6)
  A sea snake (Lair:2)
  A lindwurm (Lair:6)
  A cyclops (Lair:2)
  3 elephants (Lair:6)
  4 black mambas
  A torpor snail (Lair:3)
  11 cane toads
  A gargoyle (D:11)
  9 komodo dragons
  3 rime drakes
  Psyche (D:10)
  2 polar bears (Lair:6)
  A hornet (D:10)
  4 dream sheep (Lair:6)
  Grinder (D:3)
  14 blink frogs
  3 wyverns
  55 yaks
  5 steam dragons
  Grum (D:11)
  6 basilisks
  12 water moccasins
  An ice beast (D:6)
  3 orc warriors
  3 black bears
  3 necrophages
  An ogre (D:5)
  6 centaurs
  20 wolves
  A phantom (D:4)
  5 kobold brigands
  A gnoll sergeant (D:9)
  12 bullfrogs
  A wyvern zombie (D:8)
  4 scorpions
  4 water moccasin skeletons
  2 elephant simulacra (Lair:4)
  13 killer bees
  3 wights (D:10)
  3 howler monkeys
  A crimson imp (D:8)
  2 bullfrog zombies
  A hound (D:4)
  5 orc priests
  2 gnoll shamans
  6 jellies
  2 centaur skeletons
  An iron imp (D:8)
  9 orc wizards
  A wolf simulacrum (Lair:4)
  A killer bee zombie (D:8)
  A polar bear simulacrum (Lair:4)
  2 hound skeletons (D:4)
  10 gnolls
  2 howler monkey skeletons
  8 adders
  2 shadow imps
  5 white imps
  An ufetubus (D:3)
  7 worms
  6 dart slugs
  28 orcs
  9 ball pythons
  10 endoplasms
  3 giant cockroaches
  10 goblins
  6 hobgoblins
  5 jackals
  34 kobolds
  2 quokkas
  12 bats
  5 frilled lizards
  6 rats
453 creatures vanquished.

Vanquished Creatures (others)
  A kobold (D:10)
  A bush (Lair:6)
  41 fungi
  74 plants
  2 withered plants (Lair:5)
119 creatures vanquished.

Grand Total: 572 creatures vanquished

Notes
Turn   | Place    | Note
-------+----------+-------------------------------------------
     0 | D:1      | ZombieSheep the Hill Orc Fighter began the quest for the
                  | Orb.
     0 | D:1      | Reached XP level 1. HP: 19/19 MP: 1/1
    21 | D:1      | Found a bloodstained altar of Trog.
    41 | D:1      | Reached XP level 2. HP: 4/27 MP: 2/2
   615 | D:1      | Reached skill level 4 in Fighting
   619 | D:1      | Reached XP level 3. HP: 33/33 MP: 3/3
  1048 | D:2      | Reached skill level 1 in Dodging
  1504 | D:2      | Found a faded altar of an unknown god.
  1626 | D:2      | Reached XP level 4. HP: 37/40 MP: 4/4
  1755 | D:3      | Found a glowing silver altar of Zin.
  2454 | D:3      | Reached XP level 5. HP: 17/47 MP: 5/5
  2654 | D:3      | Found a blossoming altar of Fedhas.
  3135 | D:3      | Identified a scroll of acquirement
  3135 | D:3      | Acquired a +2 vorpal spear
  3357 | D:4      | Found an iron altar of Okawaru.
  3443 | D:4      | Noticed a phantom
  3450 | D:4      | Killed a phantom
  3451 | D:4      | Reached skill level 5 in Fighting
  3451 | D:4      | Reached XP level 6. HP: 38/56 MP: 6/6
  3979 | D:4      | Found a shimmering blue altar of Sif Muna.
  3981 | D:4      | Noticed Grinder
  3985 | D:4      | Reached skill level 5 in Armour
  4048 | D:4      | Reached XP level 7. HP: 61/61 MP: 7/7
  4130 | D:3      | Paralysed by Grinder for 2 turns
  4134 | D:3      | Killed Grinder
  4370 | D:4      | Reached skill level 6 in Fighting
  4370 | D:4      | Reached skill level 5 in Polearms
  4754 | D:5      | Entered Level 5 of the Dungeon
  4796 | D:5      | Found a one-way gate to the infinite horrors of the Abyss.
  5108 | D:4      | Reached XP level 8. HP: 36/70 MP: 8/8
  5405 | D:5      | Found a large runed translucent door.
  5405 | D:5      | Found a large runed translucent door.
  5411 | D:5      | Found a corrupted altar of Lugonu.
  5470 | D:5      | Found Coirruti's Distillery.
  6258 | D:6      | Found a sparkling altar of Nemelex Xobeh.
  6280 | D:6      | Found a staircase to the Ecumenical Temple.
  6293 | D:6      | Reached skill level 7 in Fighting
  6303 | Temple   | Entered the Ecumenical Temple
  6617 | Temple   | Became a worshipper of the Shining One
  6729 | D:6      | Reached skill level 1 in Invocations
  6865 | D:6      | Found a transporter.
  6868 | D:6      | Found a transporter.
  6868 | D:6      | Noticed DocClef's ghost (weakling GnDe)
  6870 | D:6      | Identified the +8 dire flail of Emmiok {vorpal, rF+ Dex+3}
  7061 | D:6      | Reached XP level 9. HP: 79/79 MP: 10/10
  7379 | D:7      | Found an ornate altar of the Wu Jian Council.
  7487 | D:6      | HP: 4/80 [killer bee (6)]
  8165 | D:7      | Reached * piety under the Shining One
  8169 | D:7      | Reached skill level 8 in Fighting
  8467 | D:7      | Found a sacrificial altar of Ru.
  8559 | D:7      | Noticed a two-headed ogre
  8567 | D:7      | Killed a two-headed ogre
  8568 | D:7      | Reached skill level 5 in Dodging
  8765 | D:7      | Found a bloodstained altar of Trog.
  9005 | D:8      | Found a white marble altar of Elyvilon.
  9124 | D:8      | Reached skill level 5 in Invocations
  9124 | D:8      | Reached XP level 10. HP: 56/90 MP: 13/13
  9302 | D:8      | Found a burning altar of Makhleb.
  9535 | D:8      | Reached skill level 9 in Fighting
  9849 | D:8      | Found a staircase to the Lair.
 10053 | D:8      | Found a snail-covered altar of Cheibriados.
 10053 | D:8      | Reached ** piety under the Shining One
 10107 | D:8      | Found a radiant altar of Vehumet.
 10392 | D:9      | Found an opulent altar of Gozag.
 10885 | D:9      | Reached XP level 11. HP: 87/99 MP: 16/16
 10981 | D:9      | Reached skill level 10 in Fighting
 11659 | D:10     | Entered Level 10 of the Dungeon
 11659 | D:10     | Noticed a two-headed ogre
 11665 | D:10     | Killed a two-headed ogre
 11818 | D:10     | Found the +8 demon blade "Leech" {vamp, *Rage +Rage rN+}
 12359 | D:10     | Noticed a two-headed ogre
 12373 | D:10     | Killed a two-headed ogre
 12653 | D:10     | Found a stormy altar of Qazlal.
 12653 | D:10     | Noticed Psyche
 12656 | D:10     | Killed Psyche
 12858 | D:10     | Identified the +0 ring mail "Pofiq" {Drain Dex+6}
 12899 | D:10     | Found a hide-covered altar of Uskayaw.
 13205 | Lair:1   | Entered Level 1 of the Lair of Beasts
 14318 | Lair:1   | Reached *** piety under the Shining One
 14370 | Lair:1   | Reached skill level 10 in Armour
 14665 | D:8      | Reached skill level 11 in Fighting
 14791 | D:8      | Reached XP level 12. HP: 95/110 MP: 18/18
 14855 | Lair:1   | Reached skill level 10 in Polearms
 16432 | Lair:2   | Noticed a four-headed hydra
 16449 | Lair:2   | Killed a four-headed hydra
 16450 | Lair:2   | Reached skill level 10 in Invocations
 17041 | Lair:2   | Found a staircase to the Shoals.
 17065 | Shoals:1 | Entered Level 1 of the Shoals
 17757 | Lair:3   | Noticed a boulder beetle
 17758 | Lair:3   | Found a hole to the Spider Nest.
 18538 | Lair:3   | Noticed a six-headed hydra
 18565 | Lair:3   | HP: 4/112 [six-headed hydra (9)]
 18566 | Lair:3   | HP: 1/112 [six-headed hydra (3)]
 18566 | Lair:3   | The Shining One protects you from harm!
 18566 | Lair:3   | The Shining One protects you from harm!
 18569 | Lair:3   | The Shining One protects you from harm!
 18570 | Lair:3   | Killed a six-headed hydra
 19142 | Lair:3   | Noticed Fannar
 19183 | Lair:3   | Killed Fannar
 19184 | Lair:3   | Reached skill level 12 in Fighting
 19820 | Lair:3   | Reached XP level 13. HP: 118/118 MP: 21/21
 19846 | Spider:1 | Entered Level 1 of the Spider Nest
 21778 | Lair:4   | Reached **** piety under the Shining One
 23819 | Lair:5   | Found a runed translucent door.
 23819 | Lair:5   | Found a viscous altar of Jiyva.
 23820 | Lair:5   | Found a staircase to the Slime Pits.
 23899 | Slime:1  | Entered Level 1 of the Pits of Slime
 23899 | Slime:1  | Noticed an acid blob
 24232 | Lair:5   | Found a runed translucent gate.
 24232 | Lair:5   | Found a runed translucent gate.
 24233 | Lair:5   | Found a runed translucent gate.
 24233 | Lair:5   | Noticed Qoypruj's ghost (journeyman MiGl)
 24233 | Lair:5   | Noticed Cogue's ghost (journeyman VSWz)
 24235 | Lair:5   | Noticed tizzy's ghost (journeyman DsGl)
 24235 | Lair:5   | Noticed sasquatch's ghost (journeyman DsBe)
 24293 | Lair:5   | Reached skill level 13 in Fighting
 24366 | Lair:5   | Noticed an ice dragon
 24710 | Lair:6   | Entered Level 6 of the Lair of Beasts
 25616 | Lair:6   | Reached XP level 14. HP: 120/129 MP: 23/23
 26587 | Lair:6   | Reached ***** piety under the Shining One
 27816 | Lair:6   | Noticed a dire elephant
 28616 | D:11     | Noticed Grum
 28638 | D:11     | Killed Grum
 28808 | D:11     | Found an opulent altar of Gozag.
 29017 | D:12     | Noticed Jorgrun
 29064 | D:11     | Demolished by a boulder beetle

Illustrated notes

Levels and vault maps discovered:
D:1:      psy_arrival_statuary, layout_rooms, serial_forest,
          infiniplex_forest_lined_3_way, infiniplex_forest_clump_curved,
          infiniplex_forest_lined_room_, infiniplex_forest_end_1,
          infiniplex_forest_clump_diagonal, infiniplex_forest_clump_curved,
          infiniplex_forest_straight_1, infiniplex_forest_end_1,
          infiniplex_forest_clump_double, minmay_hexomino_r4
D:2:      layout_basic, hellmonk_ecumenical_altar_heavens_door
D:3:      layout_basic, mainiacjoe_overflow_catwalk,
          mainiacjoe_overflow_alcove_1, saegor_snake_ambush
D:4:      kennysheep_six_static_rooms, layout_loops_cross,
          mainiacjoe_overflow_concentric_impassable,
          nicolae_overflow_hidden_temple, uniq_grinder
D:5:      due_chaos_kobolds, layout_basic, serial_shops,
          nicolae_shop_statue_plus
D:6:      layout_gridville, mainiacjoe_overflow_paths, minmay_temple_entry_grid,
          gammafunk_ghost_smash
D:7:      layout_cave_pools, kennysheep_mini, trog_book,
          nzn_wu_jian_contemplation
D:8:      layout_loops_cross, mainiacjoe_overflow_tiny_flanked,
          makhleb_grotto_becter, mainiacjoe_overflow_boulevard, slow_altar_1,
          lair_entry_dummy
D:9:      layout_small_grid, general_overflow_altar
D:10:     layout_loops_ring, nicolae_qazlal_style_of_elements,
          nicolae_uskayaw_dance_studio, uniq_psyche
D:11:     layout_cave_pools, nicolae_gozag_cash_rules_everything_around_me,
          uniq_grum
D:12:     layout_small_grid, erik_orc_2, uniq_jorgrun, uniq_nergalle, uniq_kirke
Temple:   corrupted_temple
Lair:1:   layout_regular_city, infiniplex_staircase_pool
Lair:2:   layout_hall_layers, elwin_shoals_entry_rocks, st_stairs_10,
          minmay_hedge_maze
Lair:3:   layout_chaotic_city, nicolae_spider_entry_non_spiders,
          grunt_forest_small_clearings, chequers_serial_rivers_micro_c,
          grunt_megastairs_2, uniq_fannar
Lair:4:   layout_regular_city, portal_ice_cave_entry_ice_simulacra,
          wad_woods_river_01
Lair:5:   layout_regular_city, slime_altar_2, gammafunk_ghost_cemetery,
          bobbens_ice_dragon_lair
Lair:6:   grunt_lair_end_beastmaster, layout_regular_city
Shoals:1: layout_shoals, serial_shops, shop
Spider:1: layout_spider_delve, hangedman_spider_mandibles,
          nicolae_spider_undead_wolf_pack
Slime:1:  layout_caves, nicolae_slime_barrier

Skill      XL: |  1  2  3  4  5  6  7  8  9 10 11 12 13 |
---------------+----------------------------------------+-----
Fighting       | 4 5 6 7 8 9 11 12 13 | 13.6
Dodging        | 1 2 3 4 5 6 7 8 9 |  9.6
Polearms       | 3 4 5 6 7 8 9 11 12 | 12.4
Armour         | 4 5 6 7 9 10 11 12 | 12.6
Invocations    | 2 5 7 9 10 12 | 12.9
Shields        | |  3.2

Action                   |  1- 3 |  4- 6 |  7- 9 | 10-12 | 13-15 || total
-------------------------+-------+-------+-------+-------+-------++-------
Melee: Trident           |   154 |   165 |   335 |   899 |   703 ||  2256
       Spear             |       |    83 |    45 |    32 |    92 ||   252
Invok: Divine Shield     |       |       |       |       |     1 ||     1
Evoke: Wand              |       |       |       |     7 |     5 ||    12
  Use: Scroll            |     1 |     6 |    10 |     8 |    11 ||    36
       Potion            |       |     1 |     4 |     5 |     4 ||    14
Armor: Scale mail        |    79 |    92 |   203 |    80 |       ||   454
       Chain mail        |       |       |       |   212 |   221 ||   433
       Plate armour      |       |       |       |       |    24 ||    24
Dodge: Dodged            |    89 |    88 |   225 |   280 |   252 ||   934
Block: Other             |       |       |       |   138 |    94 ||   232
       Reflection        |       |       |       |     5 |     1 ||     6
